 Dungeon Crawl Stone Soup version 0.19.4-12-gccf7e64 (webtiles) character file.

74 winWinterter the Chopper (level 4, 0/34 HPs)
             Began as a Demonspawn Gladiator on Feb 27, 2017.
             Succumbed to an adder's poison
             ... on level 2 of the Dungeon.
             The game lasted 00:02:47 (1010 turns).

winWinterter the Chopper (Demonspawn Gladiator)     Turns: 1010, Time: 00:02:47

Health: 0/34       AC:  9    Str: 15    XL:     4   Next: 10%
Magic:  2/4        EV: 13    Int:  9    God:
Gold:   53         SH:  0    Dex: 20    Spells: 0 memorised, 3 levels left

rFire  . . .     SeeInvis .     a - +0 war axe
rCold  . . .     Gourm    .     e - +0 chain mail
rNeg   . . .     Faith    .     (no shield)
rPois  .         Spirit   +     c - +0 helmet
rElec  .         Reflect  .     (no cloak)
rCorr  .         Harm     .     (no gloves)
MR     .....                    (no boots)
Stlth  ..........               (no amulet)
                                (no ring)
                                (no ring)

@: agile, lethally poisoned (0 -> -11)
A: powered by pain 1, magic shield
a: no special abilities


You were on level 2 of the Dungeon.
You were not hungry.

You visited 1 branch of the dungeon, and saw 2 of its levels.

You collected 53 gold pieces.

Inventory:

Hand Weapons
 a - a +0 war axe (weapon)
Missiles
 d - 2 throwing nets (quivered)
Armour
 b - a +0 leather armour
 c - a +0 helmet (worn)
 e - a +0 chain mail (worn)
Scrolls
 g - a scroll of teleportation {unknown}
 j - a scroll of identify {unknown}
 k - a scroll of blinking {unknown}
Comestibles
 f - a bread ration
 i - a beef jerky
 m - a meat ration


   Skills:
 + Level 2.4 Fighting
 + Level 3.5 Axes
 + Level 2.0 Throwing
 + Level 0.3 Armour
 + Level 3.2 Dodging
 + Level 0.6 Stealth


You had 3 spell levels left.
You didn't know any spells.

Dungeon Overview and Level Annotations

Branches:
Dungeon (2/15)

Altars:


Innate Abilities, Weirdness & Mutations

You sometimes gain a little power by taking damage.
When hurt, damage is shared between your health and your magic reserves.


Message History

You are too injured to fight recklessly!
You barely miss the adder.
The adder is heavily wounded.
You miss the adder.
* * * LOW HITPOINT WARNING * * *
You feel sick. The adder bites you but does no damage.
The adder barely misses you.
You miss the adder.
The adder is heavily wounded.
You hit the adder. The adder barely misses you. The adder bites you.
You are more poisoned.
The adder poisons you! The adder completely misses you.
The adder bites you but does no damage.
You hit the adder.
The adder is heavily wounded.
You hit the adder.
You kill the adder!
You have reached level 4!
You feel agile.
You die...

#...#### ... #...... .. #.#.#
#.#....# .. #.#.# #.#....# .
#.#.# #.#....# #.#.#.#
#.#....######.#.#.######.###
#.#............l............
#.#..#.##.###.#S#.#.##########
#.#..#.# .. #@#.#.#........#
##.#(.#.# # #†#.#.#.#....#.#
#...s.#.# #.#.#.# #....#.#
#..#.##.. #.#.#.# #...<#.#
#..#.######### #.#†#.# #....#.#
...S.S.†.†...# #.#.#.# ####.#.#
.#.#.#######.###.#.#.# ..#.#
...#.# #.....#.#.########.#
.###.#############.#..........#


You could see an adder and a frilled lizard.

Vanquished Creatures
  4 adders (D:2)
  2 oozes (D:1)
  2 leopard geckos (D:1)
  2 giant cockroaches
  2 goblins (D:1)
  5 hobgoblins
  A quokka (D:2)
  2 bats (D:1)
  4 frilled lizards (D:1)
  5 kobolds
  2 rats
31 creatures vanquished.

Vanquished Creatures (others)
  A plant (D:2)
1 creature vanquished.

Grand Total: 32 creatures vanquished

Notes
Turn   | Place    | Note
-------+----------+-------------------------------------------
     0 | D:1      | winWinterter the Demonspawn Gladiator began the quest for the Orb.
     0 | D:1      | Reached XP level 1. HP: 16/16 MP: 1/1
    64 | D:1      | Gained mutation: You sometimes gain a little power by taking damage. [demonic ancestry]
    64 | D:1      | Reached XP level 2. HP: 22/22 MP: 2/2
   350 | D:1      | Gained mutation: When hurt, damage is shared between your health and your magic reserves. [demonic ancestry]
   350 | D:1      | Reached XP level 3. HP: 26/27 MP: 3/3
  1008 | D:2      | HP: 1/28 [poisoned by an adder]
  1010 | D:2      | Reached XP level 4. HP: 1/34 MP: 2/4
  1010 | D:2      | Succumbed to an adder's poison

Skill      XL: |  1  2 |
---------------+-------+-----
Throwing       | 2 |  2.0
Axes           | 3 |  3.5
Dodging        | 3 |  3.2
Fighting       | |  2.4
Armour         | |  0.3
Stealth        | |  0.6

Action                   |  1- 3 |  4- 6 || total
-------------------------+-------+-------++-------
Melee: War axe           |    91 |       ||    91
Throw: Throwing net      |     1 |       ||     1
  Use: Potion            |     3 |       ||     3
Armor: Chain mail        |    71 |       ||    71
Dodge: Dodged            |    54 |       ||    54
